 Dungeon Crawl Stone Soup version 0.17-a0-1508-ge7f3dc3 (webtiles) character file.

74 Chiseanne the Skirmisher (level 4, 35/35 HPs)
             Began as a Demonspawn Warper on July 10, 2015.
             Quit the game on level 2 of the Dungeon.
             The game lasted 00:04:15 (2072 turns).

Chiseanne the Skirmisher (Demonspawn Warper)        Turns: 2072, Time: 00:04:15

Health: 35/35      AC:  8    Str: 13    XL:     4   Next: 9%
Magic:  7/7        EV: 12    Int: 14    God:
Gold:   91         SH:  0    Dex: 12    Spells: 1 memorised, 6 levels left

rFire  . . .     SeeInvis .     s - +0 dagger (elec)
rCold  . . .     Clarity  .     b - +0 leather armour
rNeg   . . .     SustAt   .     (no shield)
rPois  .         Gourm    .     (helmet restricted)
rElec  .         Spirit   +     g - +1 cloak
rCorr  .         Warding  .     l - +2 pair of gloves
rMut   .         Stasis   .     (no boots)
MR     .....                    (no amulet)
Stlth  +.........               (no ring)
                                (no ring)

@: not resistant to hostile enchantments, very unstealthy
A: antennae 1, claws 1, magic shield
a: no special abilities


You were on level 2 of the Dungeon.
You were not hungry.

You visited 1 branch of the dungeon, and saw 2 of its levels.

You collected 91 gold pieces.

Inventory:

Hand weapons
 a - a +0 hand axe
 s - a +0 dagger of electrocution (weapon)
Missiles
 e - 5 tomahawks of dispersal (quivered)
 h - 51 bolts
Armour
 b - a +0 leather armour (worn)
 g - a +1 cloak (worn)
 l - a +2 pair of gloves (worn)
Scrolls
 d - a scroll of blinking
 j - 2 scrolls of recharging
 n - a scroll of identify
Potions
 i - a potion of flight
 k - a potion of haste {unknown}
 m - a potion of cancellation
Books
 c - a book of Spatial Translocations

   Spells                             Type                      Level
   a - Apportation                    Translocation                1
   b - Blink                          Translocation                2
   c - Shroud of Golubria             Charms/Translocation         2
   d - Portal Projectile              Translocation                3
   e - Teleport Other                 Translocation                3
   f - Passage of Golubria            Translocation                4
Comestibles
 f - a bread ration
 o - a chunk of flesh


   Skills:
 * Level 3.2 Fighting
 - Level 1.7 Axes
 - Level 0.8 Throwing
 - Level 0.8 Armour
 + Level 2.4 Dodging
 + Level 2.3 Spellcasting
 + Level 3.1 Translocations


You had 6 spell levels left.
You knew the following spells:

 Your Spells              Type           Power        Failure   Level  Hunger
a - Apportation           Tloc           ##........   10%         1    #......


Dungeon Overview and Level Annotations

Branches:
Dungeon (2/15)

Altars:
Xom


Innate Abilities, Weirdness & Mutations

You have a pair of small antennae on your head.
You have sharp fingernails.
When hurt, damage is shared between your health and your magic reserves.


Message History

An adder comes into view.
The adder moves out of view.
A hobgoblin comes into view. It is wielding a club.
A hobgoblin is nearby!
You hit the hobgoblin but do no damage.
There is a sudden explosion of sparks!
You kill the hobgoblin!
Things that are here:
a club; an inky potion; a scroll of recharging
j - 2 scrolls of recharging (gained 1);
k - an inky potion You hit the adder.
There is a sudden explosion of sparks!
You kill the adder!
You have reached level 4!
You feel stronger.
Your demonic ancestry asserts itself...
A pair of antennae grows on your head!
You see here an adder corpse.
You butcher the adder corpse.
o - 2 chunks of flesh Eating one of 2 chunks of flesh.
This raw flesh tastes terrible.
You continue eating. x2
Are you sure you want to abandon this character and quit the game? (Confirm with "yes".)

#### ### ...# #.## ####
... #... ... ####.. #.##
... ..#.# #######.##
##.##.#.# ..........
#..#...#.#.##########...
....._.@)...............
.#.#...#..#..########...
##.##..#..+......'...
.......#..########...
###S....#..#......###.
...#####.........# #.
##. #.##.†....# #. #
#.#.<†....###. .. .# #
###.#.......##..


There were no monsters in sight!

Vanquished Creatures
  4 adders (D:2)
  A worm (D:2)
  A giant gecko (D:1)
  7 bats
  A giant cockroach (D:2)
  5 goblins
  5 hobgoblins
  A giant newt (D:1)
  5 kobolds
  4 rats (D:2)
34 creatures vanquished.

Notes
Turn   | Place    | Note
--------------------------------------------------------------
     0 | D:1      | Chiseanne the Demonspawn Warper began the quest for the Orb.
     0 | D:1      | Reached XP level 1. HP: 16/16 MP: 3/3
   656 | D:1      | Gained mutation: When hurt, damage is shared between your health and your magic reserves. [demonic ancestry]
   656 | D:1      | Reached XP level 2. HP: 19/22 MP: 5/5
  1340 | D:2      | Reached skill level 3 in Translocations
  1357 | D:2      | Gained mutation: You have sharp fingernails. [demonic ancestry]
  1357 | D:2      | Reached XP level 3. HP: 23/28 MP: 4/6
  2058 | D:2      | Found a shimmering altar of Xom.
  2065 | D:2      | Gained mutation: You have a pair of small antennae on your head. [demonic ancestry]
  2065 | D:2      | Reached XP level 4. HP: 35/35 MP: 7/7
  2072 | D:2      | Quit the game

Vault maps used:
D:1:      lightli_arrival_maybe_door_vault, serial_co_window_serial,
          co_window_corner_a, co_window_paths_b, co_window_paths_a,
          co_window_corner_a, co_window_of_opportunity_a,
          co_window_unsneaky_path_e, co_window_paths_c, co_window_corner_b,
          co_window_sun, glass_columns_b, glass_columns_b, glass_columns_a
D:2:      nicolae_overflow_crystal_walls

Action                   |  1- 3 |  4- 6 || total
-------------------------+-------+-------++-------
Melee: Hand axe          |    43 |       ||    43
       Dagger            |    82 |       ||    82
  Use: Scroll            |     8 |       ||     8
  Eat: Chunk             |     3 |     1 ||     4
